 Dungeon Crawl Stone Soup version 0.31.0-7-gf635a9b802 (webtiles) character file.

Game seed: 7523949793134845308

663213 sasquatch the Slayer (level 27, -25/297 HPs)
             Began as a Minotaur Fighter on Jan 23, 2024.
             Was the Champion of Okawaru.
             Annihilated by a golden dragon (29 damage)
             ... on level 3 of the Realm of Zot on Jan 24, 2024.
             The game lasted 02:13:50 (58977 turns).

sasquatch the Slayer (Minotaur Fighter)            Turns: 58977, Time: 02:13:51

Health: -25/297    AC: 49    Str: 35    XL:     27
Magic:  28/31      EV:  9    Int: 19    God:    Okawaru [******]
Gold:   5171       SH: 27    Dex:  8    Spells: 26/26 levels left

rFire   + . .        X - +9 broad axe (freeze)
rCold   + + .        E - +6 tower shield
rNeg    . . .        n - +12 gold dragon scales
rPois   +            r - +2 hat
rElec   +            b - scarf {repulsion}
rCorr   +            T - +2 pair of gloves of Ennui {rElec Int+6 Slay+5}
SInv    .            I - +4 pair of boots of Niufug {rPois Dex+3 Stlth+}
Will    +++++        f - amulet of regeneration Stlth
                     N - ring "Gyluq" {Ice rCorr Str+3 Slay+5}
HPRegen 1.49/turn    Q - ring of the Peculiar Bones {Will+++ Slay+4}
MPRegen 0.22/turn

%: repel missiles
@: finesse-ful, slowed, constricted, studying Ranged Weapons, unable to drink,
very slow
A: horns 2, retaliatory headbutt, talons 1, clever 2, clumsy 2, fire resistance
1, poison resistance, robust 1, inability to drink after injury 1
}: 5/15 runes: serpentine, barnacled, slimy, silver, abyssal
a: Renounce Religion, Heroism, Finesse, Duel


You were on level 3 of the Realm of Zot.
You worshipped Okawaru.
Okawaru was exalted by your worship.
You visited 11 branches of the dungeon, and saw 52 of its levels.
You visited the Abyss 1 time.
You visited 1 bazaar.
You also visited: Ice Cave and Desolation.

You collected 10002 gold pieces.
You spent 4831 gold pieces at shops.

Inventory:

Hand Weapons
 a - a +9 broad axe of flaming
 X - a +9 broad axe of freezing (weapon)
Missiles
 C - 27 javelins (quivered)
 P - 29 silver javelins
Armour
 b - a scarf of repulsion (worn)
 i - the +8 orange crystal plate armour {Archmagi, Int+3 Clar}
   (You acquired it on level 2 of the Depths)

   Int+3:     It affects your intelligence (+3).
   Clar:      It protects you from confusion, rage, mesmerisation and fear.
 n - +12 gold dragon scales (worn)
 r - a +2 hat (worn)
 E - a +6 tower shield (worn)
 I - the +4 pair of boots of Niufug (worn) {rPois Dex+3 Stlth+}
   (You bought it in a shop on level 4 of the Vaults)

   Dex+3:     It affects your dexterity (+3).
   rPois:     It protects you from poison Stlth+: It makes you more stealthy.
 T - the +2 pair of gloves of Ennui (worn) {rElec Int+6 Slay+5}
   (Okawaru gifted it to you on level 5 of the Lair of Beasts)

   Int+6:     It affects your intelligence (+6).
   Slay+5:    It affects your accuracy & damage with ranged weapons and melee
   (+5).
   rElec:     It insulates you from electricity.
Jewellery
 f - an amulet of regeneration (around neck)
 L - the ring "Nualuscho" {rPois rF+ Dex+6}
   (You took it off a draconian annihilator on level 2 of the Realm of Zot)

   [ring of dexterity]

   Dex+6:     It affects your dexterity (+6).
   rF+:       It protects you from fire.
   rPois:     It protects you from poison
 N - a ring "Gyluq" (left hand) {Ice rCorr Str+3 Slay+5}
   (You bought it in a shop on level 1 of the Elven Halls)

   [ring of ice]

   Ice:       It enhances your ice magic.
   Str+3:     It affects your strength (+3).
   Slay+5:    It affects your accuracy & damage with ranged weapons and melee
   (+5).
   rF-:       It makes you vulnerable to fire.
   rC+:       It protects you from cold.
   rCorr:     It protects you from acid and corrosion.
 Q - the ring of the Peculiar Bones (right hand) {Will+++ Slay+4}
   (You acquired it on level 4 of the Snake Pit)

   [ring of slaying]

   Slay+4:    It affects your accuracy & damage with ranged weapons and melee
   (+4).
   Will+++:   It greatly increases your willpower.
Wands
 m - a wand of paralysis (65)
 o - a wand of mindburst (22)
 q - a wand of digging (1)
 t - a wand of acid (24)
 z - a wand of roots (85)
 D - a wand of flame (145)
 V - a wand of polymorph (7)
Scrolls
 c - 5 scrolls of blinking
 d - 21 scrolls of teleportation
 g - 9 scrolls of revelation
 h - 12 scrolls of immolation
 j - 4 scrolls of poison
 k - 31 scrolls of identify
 w - 8 scrolls of fear
 x - 7 scrolls of fog
 y - 3 scrolls of torment
 F - 6 scrolls of silence
 U - 2 scrolls of brand weapon
Potions
 e - 5 potions of berserk rage
 l - 4 potions of mutation
 p - 9 potions of enlightenment
 u - 10 potions of ambrosia
 v - a potion of invisibility
 A - 9 potions of haste
 B - 5 potions of brilliance
 G - 23 potions of curing
 J - 16 potions of heal wounds
 K - 3 potions of magic
 M - 9 potions of might
 O - 4 potions of cancellation
 S - 11 potions of attraction
 W - 5 potions of resistance
Miscellaneous
 s - a lightning rod (4/4)
 H - a condenser vane
 Y - a phial of floods


   Skills:
 + Level 26.5 Fighting
 + Level 26.4 Axes
 - Level 18.0 Throwing
 - Level 24.0 Armour
 - Level 16.0 Dodging
 - Level 24.0 Shields
 - Level 12.0 Invocations
 - Level 16.0 Evocations


You had 26 spell levels left.
You didn't know any spells.
Your spell library contained the following spells:

 Spells                   Type           Power      Damage    Failure   Level
 Apportation              Tloc           0%         N/A       77%         1
 Foxfire                  Conj/Fire      0%         2x1d4     77%         1
 Freeze                   Ice            0%         1d3       77%         1
 Magic Dart               Conj           0%         1d3       77%         1
 Necrotise                Necr           0%         1d4       77%         1
 Shock                    Conj/Air       0%         1d3       77%         1
 Blink                    Tloc           0%         N/A       88%         2
 Cigotuvi's Dreadful Rot  Necr/Alch/Air  0%         N/A       88%         2
 Ensorcelled Hibernation  Hex/Ice        0%         N/A       88%         2
 Jinxbite                 Hex            0%         N/A       88%         2
 Lesser Beckoning         Tloc           0%         N/A       88%         2
 Mercury Vapours          Alch/Air       0%         N/A       88%         2
 Static Discharge         Conj/Air       0%         3-3/arc   88%         2
 Sublimation of Blood     Necr           0%         N/A       88%         2
 Frozen Ramparts          Ice            0%         1d1       98%         3
 Fugue of the Fallen      Necr           0%         N/A       98%         3
 Gell's Gravitas          Tloc           0%         N/A       98%         3
 Hailstorm                Conj/Ice       0%         3d5       98%         3
 Inner Flame              Hex/Fire       0%         N/A       98%         3
 Mephitic Cloud           Conj/Alch/Air  0%         N/A       98%         3
 Ozocubu's Armour         Ice            0%         N/A       98%         3
 Sigil of Binding         Hex            0%         N/A       98%         3
 Stone Arrow              Conj/Erth      0%         3d7       98%         3
 Swiftness                Air            0%         N/A       98%         3
 Teleport Other           Tloc           0%         N/A       98%         3
 Vampiric Draining        Necr           0%         2d6       98%         3
 Airstrike                Air            0%         2d(0-16)  100%        4
 Anguish                  Hex/Necr       0%         N/A       100%        4
 Brom's Barrelling Bould  Conj/Erth      0%         2d3       100%        4
 Cause Fear               Hex            0%         N/A       100%        4
 Dimensional Bullseye     Hex/Tloc       0%         N/A       100%        4
 Dispel Undead            Necr           0%         3d6       100%        4
 Flame Wave               Conj/Fire      0%         2d4       100%        4
 Ignite Poison            Fire/Alch      0%         N/A       100%        4
 Iskenderun's Mystic Bla  Conj/Tloc      0%         2d3       100%        4
 Passage of Golubria      Tloc           0%         N/A       100%        4
 Petrify                  Alch/Erth      0%         N/A       100%        4
 Sticky Flame             Fire/Alch      0%         2d4       100%        4
 Alistair's Intoxication  Alch           0%         N/A       100%        5
 Borgnjor's Vile Clutch   Necr/Erth      0%         N/A       100%        5
 Curse of Agony           Necr           0%         N/A       100%        5
 Fireball                 Conj/Fire      0%         3d3       100%        5
 Freezing Cloud           Conj/Ice/Air   0%         6-21      100%        5
 Iskenderun's Battlesphe  Conj           0%         2d6       100%        5
 Lee's Rapid Deconstruct  Erth           0%         3d4*      100%        5
 Metabolic Englaciation   Hex/Ice        0%         N/A       100%        5
 Yara's Violent Unravell  Hex/Alch       0%         3d3       100%        5
 Bombard                  Conj/Erth      0%         9d1       100%        6
 Conjure Ball Lightning   Conj/Air       0%         3x3d6     100%        6
 Dispersal                Tloc           0%         N/A       100%        6
 Eringya's Noxious Bog    Alch           0%         4d6       100%        6
 Enfeeble                 Hex            0%         N/A       100%        7
 Orb of Destruction       Conj           0%         9d5       100%        7
 Ozocubu's Refrigeration  Ice            0%         4d7       100%        7
 Disjunction              Tloc           0%         N/A       100%        8
 Ignition                 Fire           0%         3d3       100%        8
 Lehudib's Crystal Spear  Conj/Erth      0%         10d2      100%        8
 Polar Vortex             Ice            0%         N/A       100%        9
 Call Imp                 Summ           Unusable   N/A       N/A         2
 Call Canine Familiar     Summ           Unusable   N/A       N/A         3
 Tukima's Dance           Hex            Unusable   N/A       N/A         3
 Animate Armour           Summ/Erth      Unusable   N/A       N/A         4
 Martyr's Knell           Necr/Summ      Unusable   N/A       N/A         4
 Summon Blazeheart Golem  Fire/Summ      Unusable   N/A       N/A         4
 Summon Lightning Spire   Summ/Air       Unusable   N/A       N/A         4
 Death Channel            Necr           Unusable   N/A       N/A         6
 Sculpt Simulacrum        Ice/Alch       Unusable   N/A       N/A         6
 Monstrous Menagerie      Summ           Unusable   N/A       N/A         7
 Summon Hydra             Summ           Unusable   N/A       N/A         7

Dungeon Overview and Level Annotations

Branches:
Dungeon (15/15)            Temple (1/1) D:5            Lair (5/5) D:11
 Shoals (4/4) Lair:3        Snake (4/4) Lair:3        Slime (5/5) Lair:5
    Orc (2/2) D:9             Elf (3/3) Orc:2        Vaults (5/5) D:13
  Crypt (0/3) Vaults:3     Depths (4/4) D:15            Zot (4/5) Depths:4
  IceCv (visited)         Desolation (visited)

Altars:
Ashenzari
Cheibriados
Dithmenos
Elyvilon
Fedhas
Gozag
Hepliaklqana
Kikubaaqudgha
Makhleb
Nemelex Xobeh
Okawaru
Qazlal
Ru
Sif Muna
Trog
Uskayaw
Vehumet
Wu Jian
Xom
Yredelemnul
Zin
The Shining One
Jiyva

Shops:
D:5 (   D:10 *   D:11 (   Orc:2 =[!!:   Elf:1 ==:   Elf:2 =   Elf:3 *
Shoals:3 !?[[   Vaults:1 !   Vaults:2 (:   Vaults:4 [

Portals:
Hell: Depths:1 Depths:2 Depths:3 Depths:4
Abyss: Depths:1 Depths:2 Depths:3
Pandemonium: Depths:1 Depths:2
Ziggurat: Depths:2

Annotations:
Lair:3 exclusion: oklob plant
Elf:3 2 exclusions
Depths:4 6 runed translucent doors


Innate Abilities, Weirdness & Mutations

You have a pair of horns on your head.
You reflexively headbutt those who attack you in melee.
You have sharp toenails.
Your mind is very acute. (Int +8, Str/Dex -2)
You are very clumsy. (Dex -4)
Your flesh is heat resistant. (rF+)
Your system is resistant to poisons. (rPois)
You are robust. (+10% HP)
You occasionally lose the ability to drink potions when taking damage.


Message History

The golden dragon barely misses you.
The golden dragon claws you but does no damage.
The golden dragon barely misses you.
Blink to where?
Press: ? - help, Dir - move target The tentacled monstrosity's grasp on you weakens, but your attempt to escape fails.
As you read the scroll of blinking, it crumbles to dust.
You block the death cob's attack. x2
The tentacled monstrosity tentacle-slaps you but does no damage.
You block the tentacled monstrosity's attack. x2
The tentacled monstrosity constricts you.
The protean progenitor touches you but does no damage.
The golden dragon bites you!
* * * LOW HITPOINT WARNING * * *
The golden dragon claws you but does no damage.
The golden dragon tramples you but does no damage.
The golden dragon barely misses you. You furiously retaliate!
You headbutt the golden dragon! The golden dragon claws you!
* * * LOW HITPOINT WARNING * * *
The golden dragon barely misses you.
The golden dragon bites you but does no damage.
The golden dragon barely misses you. The golden dragon tramples you!
* * * LOW HITPOINT WARNING * * *
You are held in place!
The death cob hits you but does no damage.
The tentacled monstrosity barely misses you.
The tentacled monstrosity tentacle-slaps you but does no damage. x2
The tentacled monstrosity constricts you.
The protean progenitor closely misses you.
The moth of wrath bites you but does no damage.
The golden dragon bites you!
* * * LOW HITPOINT WARNING * * *
The golden dragon completely misses you.
The golden dragon tramples you but does no damage.
The golden dragon barely misses you. You furiously retaliate!
You headbutt the golden dragon!
The golden dragon claws you but does no damage.
The golden dragon tramples you but does no damage.
The golden dragon bites you!!
You die...

##..........
#..###.....# #.##
#.....#
#########†########..
##.......).†.# ##.
#..†.........#
#.)###########
#..DDC......
#..y@X......
#..zD9.[....
#..######### #...
##.. ####


You could see an electric golem, a tentacled monstrosity (berserk), 3 golden
dragons, a death cob, a protean progenitor and a moth of wrath.

Vanquished Creatures
  the Royal Jelly (Slime:5)
  2 dread liches (Vaults:5)
  An orb of fire (Zot:1)
  Mennas (Depths:3)
  Mara (Snake:4)
  Josephina (Zot:2)
  Boris (Arena)
  Sojobo (Arena)
  Xtahua (Vaults:2)
  Vv (Depths:3)
  Parghit (Zot:3)
  3 caustic shrikes (Depths:4)
  A curse toe (Zot:3)
  the Enchantress (Arena)
  11 golden dragons
  Nikola (Vaults:2)
  4 bone dragons
  2 doom hounds (Zot:2)
  5 electric golems
  Zenata (Elf:2)
  14 tentacled monstrosities
  5 liches
  7 titans
  Asterion (Snake:4)
  Grunn (Zot:2)
  The ghost of jkubb29 the Lord of Darkness, an adept DsNe of Kikubaaqudgha (Vaults:2)
  3 deep elf blademasters
  9 sphinxes
  10 quicksilver dragons
  Frances (Elf:1)
  18 acid blobs
  2 deep elf master archers (Elf:3)
  8 death cobs
  A daeva (Abyss:3)
  Donald (Snake:3)
  2 krakens
  4 tentacled starspawn (Abyss:3)
  7 shadow dragons
  Aizul (Lair:3)
  Kirke (D:15)
  9 tengu reavers
  15 storm dragons
  3 draconian monks (Zot:1)
  5 protean progenitors
  2 draconian knights (Zot:1)
  Ilsuiw (Shoals:3)
  15 rockslimes
  7 nagarajas
  2 draconian shifters
  9 fire giants
  11 frost giants
  7 deep elf sorcerers
  11 azure jellies (Slime:5)
  19 vault wardens
  2 iron dragons
  4 draconian scorchers
  5 imperial myrmidons (Desolation)
  4 draconian stormcallers
  2 reapers
  2 balrugs
  3 orc warlords
  3 deep elf elementalists
  2 angels (Elf:2)
  4 spriggan defenders
  45 very ugly things
  15 stone giants
  20 quicksilver oozes
  5 draconian annihilators
  14 ironbound preservers
  17 green draconians
  Nessos (D:15)
  5 ironbound thunderhulks
  3 vampire knights
  10 deep elf demonologists
  5 deep elf death magi
  19 black draconians
  13 formless jellyfish
  11 white draconians
  4 war gargoyles (Zot:2)
  A bunyip (Abyss:3)
  10 red draconians
  13 yellow draconians
  5 deep elf annihilators
  5 purple draconians
  Azrael (D:12)
  3 spark wasps (Depths:4)
  5 dire elephants
  An eidolon (Abyss:3)
  An entropy weaver (shapeshifter) (Elf:3)
  3 merfolk javelineers (Shoals:4)
  10 ettins
  10 fire dragons
  A blizzard demon (Depths:2)
  4 crystal guardians
  2 green deaths
  10 yaktaur captains
  A quicksilver dragon zombie (Abyss:3)
  5 servants of whispers (Desolation)
  5 merfolk impalers
  A spectral sphinx (Vaults:2)
  7 deep elf high priests
  4 ragged hierophants (Desolation)
  2 salamander tyrants
  Fannar (D:11)
  2 entropy weavers (Vaults:3)
  10 great orbs of eyes
  A rakshasa (Depths:4)
  6 spriggan air magi
  A catoblepas (D:13)
  17 ice dragons
  33 vault guards
  10 peacekeepers
  2 alligator snapping turtles (Snake:3)
  A quicksilver dragon skeleton (Vaults:5)
  6 ironbound frosthearts
  7 merfolk avatars
  4 merfolk aquamancers
  An alligator (Snake:3)
  A caustic shrike simulacrum (Abyss:3)
  9 anacondas
  15 two-headed ogres
  6 hydras
  7 centaur warriors
  4 satyrs
  4 ogre magi
  3 boulder beetles
  A death knight (D:15)
  A torpor snail (shapeshifter) (Depths:2)
  4 deep troll shamans
  A satyr (shapeshifter) (Vaults:4)
  A two-headed ogre (shapeshifter) (Depths:2)
  4 death yaks (Lair:3)
  4 deep troll earth magi
  21 tengu warriors
  7 thrashing horrors (Abyss:3)
  27 naga warriors
  4 occultists
  33 dancing weapons
  8 hell hogs (Depths:2)
  18 shock serpents
  15 spriggan berserkers
  A titan zombie (Depths:1)
  16 hell knights
  3 soul eaters (Depths:2)
  10 naga sharpshooters
  An orc high priest (D:15)
  6 sun demons
  6 wretched stars (Abyss:3)
  24 deep elf knights
  Amaemon (Lair:2)
  9 iron trolls
  4 skeletal warriors
  A skyshark (shapeshifter) (Vaults:5)
  5 skysharks
  3 quicksilver dragon simulacra
  A shadow wraith (Depths:2)
  A golden dragon zombie (Depths:2)
  3 salamander mystics
  A sixfirhy (Zot:2)
  3 goliath frogs (Snake:3)
  13 sea snakes
  14 arcanists
  2 bog bodies (IceCv)
  A swamp dragon (shapeshifter) (Depths:2)
  34 deep trolls
  4 naga ritualists
  12 mana vipers
  A sea snake (shapeshifter) (Vaults:5)
  15 deep elf archers
  A spectral human (Vaults:2)
  7 glowing orange brains
  A glowing orange brain (shapeshifter) (D:13)
  3 lindwurms (Vaults:4)
  24 harpies
  6 phantasmal warriors
  37 deep elf pyromancers
  A sphinx simulacrum (Vaults:2)
  31 deep elf zephyrmancers
  12 orc knights
  22 ironbound convokers
  8 necromancers
  4 oklob plants (Lair:5)
  A will-o-the-wisp (Abyss:3)
  A shining eye (shapeshifter) (Elf:2)
  5 orc sorcerers
  5 lightning spires (Zot:2)
  A fire giant zombie (Depths:1)
  18 salamanders
  16 manticores
  13 elephants
  Maurice (D:7)
  14 fauns
  A meliai (shapeshifter) (D:15)
  7 shining eyes
  10 cyclopes
  42 ugly things
  25 moths of wrath
  5 meliai (Abyss:3)
  39 black mambas
  A human skeleton (Vaults:5)
  30 naga magi
  14 vault sentinels
  10 merfolk sirens
  5 water nymphs
  2 black mambas (shapeshifter)
  11 guardian serpents
  2 ice statues
  6 large abominations (Abyss:3)
  A rust devil (Abyss:3)
  An apocalypse crab (Abyss:3)
  A spectral elf (Vaults:2)
  15 cane toads
  A gargoyle (D:12)
  10 smoke demons
  An unseen horror zombie (D:8)
  A rime drake (shapeshifter) (D:15)
  Maggie (D:7)
  6 kobold demonologists
  2 orange demons
  A rime drake (Lair:5)
  An anaconda simulacrum (IceCv)
  4 efreet
  24 yaktaurs
  An unseen horror (Abyss:3)
  3 ice devils (Depths:2)
  12 komodo dragons
  7 freezing wraiths
  5 tengu conjurers
  An ancient zyme (Abyss:3)
  Psyche (D:12)
  2 queen bees
  3 unseen horror skeletons (D:8)
  14 trolls
  3 harpy zombies (Abyss:3)
  A polar bear (shapeshifter) (D:14)
  A polar bear (Lair:4)
  9 hornets
  24 merfolk
  2 merfolk (shapeshifter)
  6 wind drakes
  47 saltlings (Desolation)
  4 hellwings (D:13)
  Prince Ribbit (D:7)
  10 raiju
  10 dream sheep (Shoals:2)
  17 blink frogs
  A frost giant simulacrum (Vaults:2)
  81 slime creatures
  A draconian simulacrum (Zot:2)
  9 glass eyes
  A culicivora (Vaults:3)
  12 water elementals
  A jumping spider (Vaults:3)
  17 snapping turtles
  A fire giant simulacrum (Depths:2)
  2 air elementals
  18 wyverns
  11 spriggans
  3 wraiths
  3 shadows
  6 ynoxinuls
  A culicivora (shapeshifter) (Depths:4)
  A fire bat (Abyss:3)
  2 hogs (D:15)
  4 golden eyes (Slime:5)
  29 yaks
  2 basilisks
  4 fire elementals
  A hog (shapeshifter) (D:13)
  4 humans (D:15)
  17 vampire mosquitoes
  Menkaure (D:6)
  2 wargs (Orc:2)
  A chaos spawn (Abyss:3)
  3 neqoxecs (Abyss:3)
  3 death yak simulacra (IceCv)
  A steam dragon (D:8)
  3 redbacks (Vaults:3)
  A spatial vortex (Abyss:3)
  A swamp worm (shapeshifter) (Vaults:5)
  45 nagas
  3 harpy simulacra (IceCv)
  4 acid dragons
  13 water moccasins
  Duvessa (D:6)
  A hydra simulacrum (IceCv)
  A glowing shapeshifter zombie (Vaults:5)
  2 moth of wrath simulacra (Zot:2)
  A glowing shapeshifter skeleton (Depths:2)
  4 hell hounds (D:12)
  A deep troll simulacrum (Vaults:2)
  21 orc warriors
  An ice beast (D:7)
  3 black bears
  16 laughing skulls (Abyss:3)
  4 ettin simulacra
  6 small abominations (Abyss:3)
  9 centaurs
  16 wolves
  9 starcursed masses (Abyss:3)
  23 ogres
  4 phantoms
  A brain worm (Abyss:3)
  2 gnoll sergeants
  3 weeping skulls (Abyss:3)
  2 scorpions (D:4)
  An earth elemental (Elf:1)
  4 human simulacra (Vaults:2)
  11 bullfrogs
  A wyvern zombie (D:8)
  A cane toad simulacrum (IceCv)
  9 two-headed ogre simulacra (IceCv)
  13 wights
  3 wyvern skeletons (D:8)
  Dowan (D:6)
  An elephant simulacrum (IceCv)
  36 killer bees
  A troll zombie (D:9)
  3 vampire bats (Abyss:3)
  A howler monkey (D:11)
  A bombardier beetle (D:4)
  11 electric eels
  2 quasits (Abyss:3)
  3 gnoll boudas
  3 hounds
  Crazy Yiuf (D:2)
  12 orc priests
  A centaur skeleton (D:8)
  A human zombie (D:8)
  3 jellies
  An iron imp (Abyss:3)
  5 sleepcaps
  Natasha (thrice) (D:2)
  5 iguanas
  20 orc wizards
  2 polar bear simulacra (IceCv)
  3 troll simulacra (IceCv)
  A spriggan simulacrum (IceCv)
  3 wolf simulacra (IceCv)
  A killer bee zombie (D:8)
  5 ogre zombies (D:9)
  2 hound zombies (D:4)
  21 gnolls
  4 naga simulacra (IceCv)
  10 adders
  2 shadow imps (D:6)
  10 white imps
  19 ufetubi
  2 dart slugs (D:2)
  3 ribbon worms
  80 orcs
  4 endoplasms
  3 giant cockroaches (D:1)
  2 gnoll zombies (D:9)
  9 goblins
  6 hobgoblins
  3 jackals (D:1)
  5 kobolds
  4 quokkas
  11 ball pythons
  6 bats
  5 frilled lizards
  5 gnoll skeletons (D:9)
  An orc skeleton (D:9)
  11 orc zombies (D:9)
  9 rats
  2 aspiring fleshes
  2 butterflies (Abyss:3)
  A lurking horror (Abyss:3)
  2 spectral weapons (Snake:4)
  2 starspawn tentacles (Abyss:3)
  6 tentacles
2642 creatures vanquished.

Vanquished Creatures (others)
  A death cob (Zot:2)
  A storm dragon (Zot:2)
  A draconian shifter (Zot:2)
  A fire giant (Depths:2)
  A draconian scorcher (Zot:1)
  A black draconian (Zot:2)
  A centaur warrior (Vaults:2)
  2 arcanists (Vaults:2)
  A deep elf pyromancer (Elf:2)
  A manticore (Shoals:2)
  A spriggan zombie (Depths:1)
  An air elemental (Zot:2)
  A wyvern (Abyss:3)
  An ettin simulacrum (Depths:2)
  A butterfly (Abyss:3)
  6 foxfires (Abyss:3)
  8 starspawn tentacles (Abyss:3)
  5 tentacles
35 creatures vanquished.

Grand Total: 2677 creatures vanquished

Notes
Turn   | Place    | Note
-------+----------+-------------------------------------------
     0 | D:1      | sasquatch the Minotaur Fighter began the quest for the Orb.
     0 | D:1      | Reached XP level 1. HP: 19/19 MP: 0/0
   163 | D:1      | Reached XP level 2. HP: 26/26 MP: 1/1
   353 | D:1      | Reached XP level 3. HP: 31/31 MP: 2/2
   478 | D:1      | Found a faded altar of an unknown god.
   983 | D:2      | Reached skill level 5 in Axes
  1016 | D:2      | Noticed Natasha
  1035 | D:2      | Killed Natasha
  1036 | D:2      | Reached XP level 4. HP: 15/39 MP: 3/3
  1258 | D:2      | Noticed Natasha
  1263 | D:2      | Killed Natasha
  1668 | D:2      | Found a runed translucent door.
  1738 | D:2      | Noticed Natasha
  1747 | D:2      | Killed Natasha
  1748 | D:2      | Reached XP level 5. HP: 38/45 MP: 4/4
  1782 | D:2      | Noticed Crazy Yiuf
  1788 | D:2      | Killed Crazy Yiuf
  2531 | D:3      | Found a sparkling altar of Nemelex Xobeh.
  2718 | D:4      | Reached XP level 6. HP: 38/51 MP: 5/5
  2803 | D:4      | Identified the +1 short sword of Iconoclasm {spect, rC++}
  2808 | D:4      | Noticed a wyvern
  2814 | D:4      | Killed a wyvern
  2925 | D:4      | Reached XP level 7. HP: 56/57 MP: 6/6
  3181 | D:4      | Reached skill level 10 in Axes
  3323 | D:4      | Found a shadowy altar of Dithmenos.
  3576 | D:4      | Found a basalt altar of Yredelemnul.
  3875 | D:5      | Entered Level 5 of the Dungeon
  3971 | D:5      | Reached XP level 8. HP: 58/64 MP: 7/7
  4127 | D:5      | Found a staircase to the Ecumenical Temple.
  4163 | Temple   | Entered the Ecumenical Temple
  4444 | D:5      | Identified the +3 battleaxe "Wodoup" {drain, *Rage rElec
                  | Will+}
  4466 | D:5      | Found Zifrel's Weapon Emporium.
  4472 | D:5      | Bought 5 poisoned darts for 33 gold pieces
  4480 | D:5      | Bought 2 javelins for 66 gold pieces
  4585 | D:5      | Noticed a hornet
  4593 | D:5      | Killed a hornet
  4802 | D:6      | Noticed Menkaure
  5375 | D:6      | Killed Menkaure
  5497 | D:6      | Noticed Duvessa
  5497 | D:6      | Noticed Dowan
  5511 | D:6      | Killed Duvessa
  5512 | D:6      | Reached XP level 9. HP: 30/70 MP: 8/8
  5513 | D:6      | Killed Dowan
  5708 | D:6      | Identified the +8 chain mail "Eross" {rN+ Will++ Dex-3
                  | SInv}
  6263 | D:7      | Found an opulent altar of Gozag.
  6437 | D:7      | Reached skill level 15 in Axes
  6455 | D:7      | HP: 3/70 [gnoll sergeant/+2 vampiric spear (6)]
  6657 | D:7      | Noticed Prince Ribbit
  6969 | D:7      | Noticed Maurice
  6982 | D:7      | Maurice stole a ring of protection from cold
  6984 | D:7      | Maurice stole the +3 battleaxe "Wodoup" {drain, *Rage rElec
                  | Will+}
  6990 | D:7      | Killed Maurice
  7135 | D:7      | Noticed Maggie
  7148 | D:7      | Killed Maggie
  7149 | D:7      | Reached skill level 5 in Fighting
  7306 | D:7      | Killed Prince Ribbit
  7593 | D:7      | Reached XP level 10. HP: 84/84 MP: 9/9
  7898 | D:7      | Found an iron altar of Okawaru.
  7903 | D:7      | Became a worshipper of Warmaster Okawaru
  8065 | D:8      | Noticed a two-headed ogre
  8074 | D:8      | Killed a two-headed ogre
  8240 | D:8      | Reached * piety under Okawaru
  8431 | D:8      | Found an ancient bone altar of Kikubaaqudgha.
  8520 | D:8      | Reached skill level 5 in Armour
  8584 | D:8      | Reached skill level 10 in Fighting
  8588 | D:8      | Reached ** piety under Okawaru
  9779 | D:9      | Found a burning altar of Makhleb.
  9796 | D:9      | Found a glowing silver altar of Zin.
  9796 | D:9      | Noticed an angel
  9796 | D:9      | Noticed a cacodemon
  9802 | D:9      | Identified the +2 great mace of Context {vamp, Str+2}
  9872 | D:9      | Found a staircase to the Orcish Mines.
 10039 | D:9      | Reached XP level 11. HP: 87/99 MP: 10/10
 10286 | D:9      | Reached *** piety under Okawaru
 10686 | D:9      | Found a shimmering blue altar of Sif Muna.
 10760 | D:9      | Reached skill level 5 in Shields
 10998 | D:10     | Entered Level 10 of the Dungeon
 11074 | D:10     | Reached skill level 10 in Armour
 11358 | D:10     | Reached **** piety under Okawaru
 11594 | D:10     | Found Ytrois Hori's Lightly-Used Armoury.
 11880 | D:10     | Found an ornate altar of the Wu Jian Council.
 12203 | D:11     | Found a staircase to the Lair.
 12654 | D:11     | Noticed Fannar
 12677 | D:11     | Killed Fannar
 12921 | D:11     | Found Tisheik's Weapon Emporium.
 12929 | D:11     | Bought a throwing net for 48 gold pieces
 13078 | Lair:1   | Entered Level 1 of the Lair of Beasts
 13507 | Lair:1   | Reached ***** piety under Okawaru
 13541 | Lair:1   | You fall into a shaft and drop 1 floor!
 13844 | Lair:1   | Reached XP level 12. HP: 56/110 MP: 11/11
 15149 | Lair:1   | Identified 4 scrolls of acquirement
 15153 | Lair:1   | Acquired the +2 pair of boots of Sloth {Int+2}
 15160 | Lair:1   | Acquired 698 gold pieces
 15162 | Lair:1   | Acquired a manual of Evocations
 15164 | Lair:1   | Acquired 834 gold pieces
 15221 | Lair:2   | Reached skill level 10 in Shields
 15289 | Lair:2   | Received a gift from Okawaru
 15527 | Lair:2   | Noticed Amaemon
 15550 | Lair:2   | Killed Amaemon
 15908 | Lair:2   | Noticed a seven-headed hydra
 15913 | Lair:2   | Killed a five-headed hydra
 16734 | Lair:3   | Reached XP level 13. HP: 94/123 MP: 12/12
 17159 | Lair:3   | Reached skill level 1 in Dodging
 17159 | Lair:3   | Reached skill level 1 in Evocations
 17621 | Lair:3   | Found a staircase to the Snake Pit.
 17699 | Lair:3   | Reached skill level 5 in Evocations
 18586 | Lair:4   | Identified the +0 robe of the Endless Princes {-Tele MP+9
                  | Str+5 Int+2}
 18642 | Lair:4   | Reached skill level 5 in Dodging
 19128 | Lair:4   | Identified the +1 ring mail of the Bulwark {Fly}
 19244 | Lair:5   | Entered Level 5 of the Lair of Beasts
 19302 | Lair:5   | Reached ****** piety under Okawaru
 19302 | Lair:5   | Received a gift from Okawaru
 19531 | Lair:5   | Found a viscous altar of Jiyva.
 19666 | Lair:5   | Acquired a +2 broad axe of venom
 19666 | Lair:5   | Received a gift from Okawaru
 19668 | Lair:5   | Acquired the +2 pair of gloves of Ennui {rElec Int+6
                  | Slay+5}
 19668 | Lair:5   | Received a gift from Okawaru
 19933 | Lair:5   | Reached XP level 14. HP: 129/132 MP: 13/13
 20232 | Orc:1    | Entered Level 1 of the Orcish Mines
 20242 | Orc:1    | Found a frozen archway.
 20252 | IceCv    | Entered an ice cave
 20312 | IceCv    | Identified the +8 ice dragon scales of Fun {rElec rF- rC++
                  | Regen+}
 20369 | IceCv    | Identified the +1 leather armour of the Oni {Will+ Int+3}
 20516 | IceCv    | Reached skill level 10 in Evocations
 20519 | IceCv    | Reached skill level 1 in Invocations
 20897 | IceCv    | Received a gift from Okawaru
 20941 | IceCv    | Identified the +5 ring mail of Ilesies {rN+}
 21507 | Orc:2    | Entered Level 2 of the Orcish Mines
 21620 | Orc:2    | Reached skill level 10 in Dodging
 21620 | Orc:2    | Reached skill level 5 in Invocations
 21622 | Orc:2    | Received a gift from Okawaru
 21738 | Orc:2    | Found Tammymp's Armour Shoppe.
 21759 | Orc:2    | Found Ygoi's Jewellery Shoppe.
 21760 | Orc:2    | Found Qoil's Distillery.
 21770 | Orc:2    | Found Myrhopn's Distillery.
 21773 | Orc:2    | Bought 2 potions of curing for 72 gold pieces
 21773 | Orc:2    | Bought a potion of haste for 120 gold pieces
 21779 | Orc:2    | Bought a ring of poison resistance for 280 gold pieces
 21796 | Orc:2    | Bought a potion of curing for 45 gold pieces
 21796 | Orc:2    | Bought 2 potions of curing for 90 gold pieces
 21796 | Orc:2    | Bought 2 potions of berserk rage for 150 gold pieces
 21847 | Orc:2    | Received a gift from Okawaru
 21870 | Orc:2    | Found Icehesyqu's Book Emporium.
 21948 | Orc:2    | Found a staircase to the Elven Halls.
 22117 | Orc:2    | Bought a +2 hat for 272 gold pieces
 22229 | Orc:2    | Found Peotiow's Gadget Gallery.
 22237 | Orc:2    | Bought a lightning rod (4/4) for 640 gold pieces
 22237 | Orc:2    | Bought a wand of acid (4) for 268 gold pieces
 22237 | Orc:2    | Bought a wand of acid (1) for 67 gold pieces
 22237 | Orc:2    | Bought a wand of paralysis (4) for 153 gold pieces
 22469 | Snake:1  | Entered Level 1 of the Snake Pit
 22469 | Snake:1  | Identified the serpent talisman of Mannuel {rF+ Slay+2}
 22469 | Snake:1  | Noticed Aizul
 22493 | Lair:3   | Killed Aizul
 22668 | Snake:1  | Received a gift from Okawaru
 22712 | Snake:1  | Reached XP level 15. HP: 62/138 MP: 20/20
 22713 | Snake:1  | Found a flickering gateway to a bazaar.
 22727 | Bazaar   | Entered a bazaar
 22790 | Bazaar   | Found Domias's Armour Shoppe.
 22790 | Bazaar   | Found Uget's Jewellery Emporium.
 22812 | Bazaar   | Found Hoxed's Antique Armour Shoppe.
 22812 | Bazaar   | Found Madyi's Weapon Emporium.
 22834 | Bazaar   | Found Dijiru's General Store.
 22839 | Bazaar   | Bought a scroll of teleportation for 42 gold pieces
 22922 | Snake:1  | Found a glowing silver altar of Zin.
 23221 | Snake:1  | Identified the +7 chain mail of the Nexus {^Contam Will+
                  | Regen+ Int+2}
 23292 | Snake:1  | Received a gift from Okawaru
 23504 | Snake:2  | Noticed a nagaraja
 23516 | Snake:2  | Killed a nagaraja
 23517 | Snake:2  | Reached skill level 15 in Fighting
 23668 | Snake:2  | Received a gift from Okawaru
 23682 | Snake:2  | Noticed a nagaraja
 23686 | Snake:2  | Killed a nagaraja
 23687 | Snake:2  | Reached skill level 10 in Invocations
 23687 | Snake:2  | Noticed a nagaraja
 23701 | Snake:2  | Killed a nagaraja
 23962 | Snake:2  | Received a gift from Okawaru
 24270 | Snake:2  | Reached XP level 16. HP: 118/154 MP: 17/22
 24938 | Snake:3  | Identified the +6 falchion "Qoptul" {freeze, rPois Will+}
 25122 | Snake:3  | Received a gift from Okawaru
 25349 | Snake:3  | Noticed Donald
 25363 | Snake:3  | Killed Donald
 25803 | Snake:4  | Entered Level 4 of the Snake Pit
 25894 | Snake:4  | Noticed Mara
 25906 | Snake:4  | Noticed sasquatch's illusion
 25998 | Snake:4  | Killed Mara
 25999 | Snake:4  | Reached skill level 15 in Shields
 26018 | Snake:4  | Received a gift from Okawaru
 26066 | Snake:4  | Acquired the ring of the Peculiar Bones {Will+++ Slay+4}
 27000 | Snake:4  | Received a gift from Okawaru
 27432 | Snake:4  | Reached XP level 17. HP: 161/163 MP: 23/23
 27949 | Snake:4  | Noticed Asterion
 27957 | Snake:4  | Gained mutation: You are dopey. (Int -2) [a cacodemon]
 27958 | Snake:4  | Killed Asterion
 28013 | Snake:4  | Got a serpentine rune of Zot
 28198 | Shoals:1 | Entered Level 1 of the Shoals
 28244 | Shoals:1 | Identified the maw talisman of Card Tricks {Dex+4}
 28776 | Shoals:1 | Received a gift from Okawaru
 29246 | Shoals:2 | Reached skill level 15 in Armour
 29426 | Shoals:2 | Noticed a kraken
 29436 | Shoals:2 | Killed a kraken
 29667 | Shoals:2 | Received a gift from Okawaru
 29861 | Shoals:3 | Noticed Ilsuiw
 29877 | Shoals:3 | Killed Ilsuiw
 30195 | Shoals:3 | Found Maiff's Antique Armour Shoppe.
 30235 | Shoals:3 | Found Eryurul's Antique Armour Shop.
 30252 | Shoals:3 | Found Evoeleb's Distillery.
 30268 | Shoals:3 | Found Zoxupon's Magic Scroll Shop.
 30270 | Shoals:3 | Bought a potion of might for 68 gold pieces
 30270 | Shoals:3 | Bought a potion of resistance for 170 gold pieces
 30270 | Shoals:3 | Bought a potion of curing for 51 gold pieces
 30270 | Shoals:3 | Bought a potion of might for 68 gold pieces
 30270 | Shoals:3 | Bought a potion of heal wounds for 85 gold pieces
 30270 | Shoals:3 | Bought a potion of attraction for 51 gold pieces
 30289 | Shoals:3 | Received a gift from Okawaru
 30732 | Shoals:4 | Entered Level 4 of the Shoals
 30748 | Shoals:4 | Reached XP level 18. HP: 172/172 MP: 24/24
 31175 | Shoals:4 | Identified the +1 plate armour of Freedom {rC- MP-9 Str+6
                  | Dex+9}
 31422 | Shoals:4 | Identified the +7 hand axe of Akkuas {heavy, rC+ Str+2}
 31461 | Shoals:4 | Identified the +0 leather armour of Action {rC- Int+3 SInv}
 31527 | Shoals:4 | Received a gift from Okawaru
 31634 | Shoals:4 | Got a barnacled rune of Zot
 32043 | D:12     | Found a glowing silver altar of Zin.
 32056 | D:12     | Noticed Psyche
 32061 | D:12     | Killed Psyche
 32124 | D:12     | Noticed Azrael
 32134 | D:12     | Killed Azrael
 32820 | D:13     | Received a gift from Okawaru
 32968 | D:13     | Found a gate to the Vaults.
 33138 | D:13     | Found a burning altar of Makhleb.
 33215 | D:13     | Reached skill level 1 in Throwing
 33715 | D:14     | Received a gift from Okawaru
 34325 | D:15     | Entered Level 15 of the Dungeon
 34566 | D:15     | Noticed Nessos
 34570 | D:15     | Killed Nessos
 34941 | D:15     | Noticed Kirke
 34950 | D:15     | Killed Kirke
 35051 | D:15     | Reached XP level 19. HP: 158/179 MP: 25/25
 35069 | D:15     | Found a staircase to the Depths.
 35173 | Vaults:1 | Entered Level 1 of the Vaults
 35674 | Vaults:1 | Found Ikeawy's Distillery.
 35682 | Vaults:1 | Bought a potion of resistance for 130 gold pieces
 35682 | Vaults:1 | Bought a potion of curing for 39 gold pieces
 35682 | Vaults:1 | Bought a potion of attraction for 39 gold pieces
 36197 | Vaults:1 | Reached skill level 5 in Throwing
 36335 | Vaults:2 | Noticed Nikola
 36345 | Vaults:2 | Killed Nikola
 36347 | Vaults:2 | Noticed Xtahua
 36365 | Vaults:2 | Killed Xtahua
 36453 | Vaults:2 | Received a gift from Okawaru
 36510 | Vaults:2 | Reached skill level 15 in Evocations
 37005 | Vaults:2 | Found Genyqir's Weapon Emporium.
 37022 | Vaults:2 | Bought a +0 broad axe of freezing for 165 gold pieces
 37079 | Vaults:2 | Found Ilyosh's Book Shop.
 37366 | Vaults:2 | Paralysed by a formless jellyfish for 1 turns
 37369 | Vaults:2 | Received a gift from Okawaru
 37552 | Vaults:2 | Found a runed translucent gate.
 37552 | Vaults:2 | Found a runed translucent gate.
 37552 | Vaults:2 | Found a runed translucent gate.
 37554 | Vaults:2 | Noticed jkubb29's ghost (adept DsNe)
 37765 | Vaults:2 | Killed jkubb29's ghost
 38130 | Vaults:3 | Noticed a bone dragon
 38139 | Vaults:3 | Paralysed by a formless jellyfish for 1 turns
 38156 | Vaults:3 | Killed a bone dragon
 38156 | Vaults:3 | Received a gift from Okawaru
 38442 | Vaults:3 | Noticed Sojobo
 38454 | Arena    | Entered the Arena
 38456 | Arena    | Killed Sojobo
 38673 | Vaults:3 | Reached XP level 20. HP: 175/187 MP: 26/26
 38846 | Vaults:3 | Reached skill level 10 in Throwing
 39169 | Vaults:3 | Found a staircase to the Crypt.
 39365 | Vaults:4 | Received a gift from Okawaru
 39547 | Vaults:4 | Noticed an ancient lich
 39598 | Vaults:4 | Received a gift from Okawaru
 39668 | Vaults:4 | Found Nainkeg's Antique Armour Emporium.
 39671 | Vaults:4 | Bought a pair of heavily runed boots for 247 gold pieces
 39671 | Vaults:4 | Identified the +4 pair of boots of Niufug {rPois Dex+3
                  | Stlth+} (You bought it in a shop on level 4 of the Vaults)
 40091 | Vaults:4 | Received a gift from Okawaru
 40667 | Vaults:5 | Entered Level 5 of the Vaults
 40675 | Vaults:5 | Received a gift from Okawaru
 40694 | Vaults:5 | Reached XP level 21. HP: 142/198 MP: 23/27
 40710 | Vaults:4 | Received a gift from Okawaru
 40807 | Vaults:5 | Noticed a dread lich
 41011 | Vaults:5 | Identified the +7 rapier of the Evil Eye {heavy, Int+3}
 41017 | Vaults:5 | Reached skill level 15 in Throwing
 41129 | Vaults:5 | Received a gift from Okawaru
 41217 | Vaults:5 | Identified the +5 fire dragon scales of Fortitude {rF++ rC-
                  | Dex+5}
 41297 | Vaults:5 | Noticed a golden dragon
 41302 | Vaults:5 | Killed a golden dragon
 41356 | Vaults:5 | Noticed a dread lich
 41369 | Vaults:5 | Killed a dread lich
 41401 | Vaults:5 | Received a gift from Okawaru
 41575 | Vaults:5 | Killed a dread lich
 41664 | Vaults:5 | Identified the +1 chain mail "Qess" {Str+3 Dex+3 Slay+2}
 41671 | Vaults:5 | Identified the +0 scale mail of the Mertaur {Str-3 Dex+4}
 41673 | Vaults:5 | Got the Papyrus of Dust
 41727 | Vaults:5 | Identified the +6 hand axe "Pishausywn" {holy, rF++}
 41835 | Vaults:5 | Received a gift from Okawaru
 41866 | Vaults:5 | Got a silver rune of Zot
 42063 | Vaults:5 | Identified the ring of Peneoshri {rPois rF- rN+ Str+6
                  | Dex+3}
 42658 | Elf:1    | Entered Level 1 of the Elven Halls
 42856 | Elf:1    | Reached XP level 22. HP: 87/209 MP: 28/28
 42918 | Elf:1    | Received a gift from Okawaru
 43046 | Elf:1    | Found Qomunabo's Jewellery Shop.
 43047 | Elf:1    | Found Hoapniol's Book Emporium.
 43048 | Elf:1    | Found Giamuk's Jewellery Shop.
 43075 | Elf:1    | Noticed Frances
 43083 | Elf:1    | Killed Frances
 43180 | Elf:1    | Got the Anthology of Gathered Momentum
 43650 | Elf:2    | Found a crumbling gateway.
 43652 | Elf:2    | Found a white marble altar of Elyvilon.
 43652 | Elf:2    | Found a glowing golden altar of the Shining One.
 43671 | Elf:2    | Found a glowing silver altar of Zin.
 43754 | Desolati | Entered the Desolation of Salt
 43844 | Desolati | Identified the +6 war axe "Sonoile" {antimagic, rPois}
 43845 | Desolati | Identified the ring "Konleirorph" {+Blink rF+}
 43867 | Desolati | Identified the ring of Gemnih {rPois rC- Str+4 Dex+3}
 43871 | Desolati | Got the Precepts of the Lithic Lungs
 43872 | Desolati | Identified the ring "Tairghifo" {rPois EV+5}
 43886 | Desolati | Received a gift from Okawaru
 44160 | Desolati | Found the +5 Lochaber axe {reach-cleave, Poleaxe ^Drain}
 44165 | Desolati | Identified the +10 bardiche of Generosity {spect, rN+}
 44306 | Desolati | Identified the +1 whip "Foseela" {heavy, rElec rPois Dex+4
                  | Stlth+}
 44569 | Elf:2    | Received a gift from Okawaru
 44587 | Elf:2    | Found Ystroe's Jewellery Emporium.
 44656 | Elf:2    | Gained mutation: Your body sometimes deteriorates upon
                  | taking damage. [a shining eye]
 44658 | Elf:2    | Gained mutation: You are vulnerable to cold. (rC-) [a
                  | shining eye]
 44669 | Elf:2    | Lost mutation: Your body sometimes deteriorates upon taking
                  | damage. [potion of mutation]
 44669 | Elf:2    | Lost mutation: You are dopey. (Int -2) [potion of mutation]
 44669 | Elf:2    | Gained mutation: You are weak. (Str -2) [potion of
                  | mutation]
 44669 | Elf:2    | Gained mutation: You are partially covered in iridescent
                  | scales. (AC +2) [potion of mutation]
 44669 | Elf:2    | Gained mutation: You passively dampen the noise of your
                  | surroundings. [potion of mutation]
 44670 | Elf:2    | Lost mutation: You passively dampen the noise of your
                  | surroundings. [potion of mutation]
 44670 | Elf:2    | Lost mutation: You are partially covered in iridescent
                  | scales. (AC +2) [potion of mutation]
 44670 | Elf:2    | Lost mutation: You are vulnerable to cold. (rC-) [potion of
                  | mutation]
 44670 | Elf:2    | Gained mutation: You have sharp toenails. [potion of
                  | mutation]
 44670 | Elf:2    | Gained mutation: You are robust. (+10% HP) [potion of
                  | mutation]
 44670 | Elf:2    | Gained mutation: Your mind is acute. (Int +4, Str/Dex -1)
                  | [potion of mutation]
 44722 | Elf:2    | Found a huge runed translucent gate.
 44722 | Elf:2    | Found a huge runed translucent gate.
 44722 | Elf:2    | Found a huge runed translucent gate.
 44722 | Elf:2    | Found a huge runed translucent gate.
 44723 | Elf:2    | Found a huge runed translucent gate.
 45013 | Elf:2    | Reached skill level 15 in Dodging
 45183 | Elf:2    | Noticed Zenata
 45199 | Elf:2    | Killed Zenata
 45308 | Elf:2    | Received a gift from Okawaru
 45416 | Elf:3    | Entered Level 3 of the Elven Halls
 45542 | Elf:3    | Paralysed by an air elemental for 1 turns
 45713 | Elf:3    | Found Ytod Woa's Neck Hole.
 45725 | Elf:3    | Bought a scarf of repulsion for 204 gold pieces
 45916 | Elf:3    | Identified the +0 executioner's axe of Hiqoit {chaos, MP+9}
 46201 | Elf:3    | Reached XP level 23. HP: 224/225 MP: 29/29
 46222 | Elf:3    | Received a gift from Okawaru
 46662 | Elf:3    | Got Fakich's Octavo of Transposed Percussion
 46754 | Elf:3    | Identified the staff "Wavvythad" {rElec rN+ Str+3 Air}
 46757 | Elf:3    | Got the Octavo of Clouds and the Elixir
 46759 | Elf:3    | Identified the amulet "Veydoapt" {Faith Regen+ Int+6 Dex-4
                  | Slay+2}
 46824 | Elf:1    | Bought a ring "Gyluq" {Ice rCorr Str+3 Slay+5} for 1168
                  | gold pieces
 47173 | Lair:5   | Found a staircase to the Slime Pits.
 47222 | Slime:1  | Entered Level 1 of the Pits of Slime
 47533 | Slime:4  | Found a viscous altar of Jiyva.
 47570 | Slime:4  | Gained mutation: You are clumsy. (Dex -2) [a shining eye]
 47609 | Slime:5  | Entered Level 5 of the Pits of Slime
 47658 | Slime:5  | Received a gift from Okawaru
 47744 | Slime:5  | Noticed the Royal Jelly
 47973 | Slime:5  | Gained mutation: You are very clumsy. (Dex -4) [a shining
                  | eye]
 47975 | Slime:5  | Gained mutation: You occasionally lose the ability to drink
                  | potions when taking damage. [a shining eye]
 47978 | Slime:5  | Gained mutation: Your mind is very acute. (Int +8, Str/Dex
                  | -2) [a shining eye]
 47979 | Slime:5  | Gained mutation: Armour fits poorly on your strangely
                  | shaped body. [a shining eye]
 47986 | Slime:5  | Paralysed by a formless jellyfish for 1 turns
 48088 | Slime:5  | Paralysed by a formless jellyfish for 1 turns
 48113 | Slime:5  | Killed the Royal Jelly
 48346 | Slime:5  | Identified the +0 leather armour "Uppih" {^Contam Harm rF+
                  | Int+3}
 48428 | Slime:5  | Identified the +0 scale mail of Fefuq {-Tele Harm ^Drain
                  | rPois Str+2}
 48430 | Slime:5  | Identified the +2 rapier of Torhugeo {venom, rC+}
 48434 | Slime:5  | Got Moin Lue's Thoughts on Collective Tinctures
 48569 | Slime:5  | Identified a ring of Heezeqyk {Ice Int+6}
 48577 | Slime:5  | Got a slimy rune of Zot
 48635 | Slime:5  | Received a gift from Okawaru
 48748 | Slime:5  | Lost mutation: Armour fits poorly on your strangely shaped
                  | body. [potion of mutation]
 48748 | Slime:5  | Lost mutation: You are weak. (Str -2) [potion of mutation]
 48748 | Slime:5  | Gained mutation: Your flesh is heat resistant. (rF+)
                  | [potion of mutation]
 48748 | Slime:5  | Gained mutation: Your system is resistant to poisons.
                  | (rPois) [potion of mutation]
 49090 | Depths:1 | Entered Level 1 of the Depths
 49101 | Depths:1 | Noticed Boris
 49110 | Arena    | Entered the Arena
 49118 | Arena    | Killed Boris
 49265 | Depths:1 | Noticed the Enchantress
 49269 | Arena    | Entered the Arena
 49272 | Arena    | Killed the Enchantress
 49316 | Depths:1 | Found a shadowy altar of Dithmenos.
 49351 | Depths:1 | Received a gift from Okawaru
 49751 | Depths:1 | Found a bloodstained altar of Trog.
 49961 | Depths:1 | Found a one-way gate to the infinite horrors of the Abyss.
 49969 | Depths:1 | Found a one-way gate leading to the halls of Pandemonium.
 50011 | Depths:1 | Reached XP level 24. HP: 256/259 MP: 29/29
 50131 | Depths:1 | Found a gateway to Hell.
 50330 | Depths:1 | Got the Commentary on Ashes
 50464 | Depths:2 | Identified the +1 robe of Shadows and Fog {rPois rF- Dex+8}
 50764 | Depths:2 | Found a shadowy altar of Dithmenos.
 50847 | Depths:2 | Received a gift from Okawaru
 51865 | Depths:2 | Found a sacrificial altar of Ru.
 51899 | Depths:2 | Received a gift from Okawaru
 51954 | Depths:2 | Identified the amulet "Torib" {Reflect *Corrode Fly rF++
                  | MP+9 SH+5}
 52014 | Depths:2 | Found a glowing golden altar of the Shining One.
 52014 | Depths:2 | Found a one-way gateway to a ziggurat.
 52216 | Depths:2 | Found a radiant altar of Vehumet.
 52434 | Depths:2 | Acquired the +8 orange crystal plate armour {Archmagi,
                  | Int+3 Clar}
 52434 | Depths:2 | Found the +8 orange crystal plate armour {Archmagi, Int+3
                  | Clar}
 52601 | Depths:3 | Noticed Mennas
 52633 | Depths:3 | Killed Mennas
 52779 | Depths:3 | Noticed Vv
 52799 | Depths:3 | Killed Vv
 53262 | Depths:3 | You fall into a shaft and drop 1 floor!
 53262 | Depths:4 | Entered Level 4 of the Depths
 53479 | Depths:4 | Received a gift from Okawaru
 53583 | Depths:4 | Reached XP level 25. HP: 237/269 MP: 29/29
 54275 | Depths:3 | Found a stormy altar of Qazlal.
 54492 | Depths:3 | Voluntarily entered the Abyss.
 54521 | Abyss:3  | Found a corrupted altar of Lugonu.
 54704 | Abyss:3  | Received a gift from Okawaru
 54885 | Abyss:3  | Found a corrupted altar of Lugonu.
 55177 | Abyss:3  | Received a gift from Okawaru
 55441 | Abyss:3  | Got an abyssal rune of Zot
 55455 | Depths:3 | Escaped the Abyss
 55704 | Depths:4 | Found a runed translucent door.
 55709 | Depths:4 | Found a runed translucent door.
 55721 | Depths:4 | Found a runed translucent door.
 55728 | Depths:4 | Found a runed translucent door.
 55770 | Depths:4 | Found a runed translucent door.
 55784 | Depths:4 | Found a runed translucent door.
 55858 | Depths:4 | Found a gate to the Realm of Zot.
 56057 | Zot:1    | Entered Level 1 of the Realm of Zot
 56122 | Zot:1    | Received a gift from Okawaru
 56173 | Zot:1    | Reached XP level 26. HP: 145/281 MP: 31/31
 56502 | Zot:1    | Noticed an orb of fire
 56516 | Zot:1    | Killed an orb of fire
 56516 | Zot:1    | Received a gift from Okawaru
 56962 | Zot:1    | Received a gift from Okawaru
 57356 | Zot:2    | Identified a ring of Wuymogur {Ice Int+3}
 57356 | Zot:2    | Noticed Josephina
 57379 | Zot:2    | Killed Josephina
 57832 | Zot:2    | Noticed Grunn
 57859 | Zot:2    | Killed Grunn
 58356 | Zot:2    | Identified the ring "Nualuscho" {rPois rF+ Dex+6}
 58475 | Zot:2    | Received a gift from Okawaru
 58600 | Zot:3    | Noticed Parghit
 58615 | Zot:3    | Killed Parghit
 58688 | Zot:3    | You fall into a shaft and drop 1 floor!
 58934 | Zot:3    | Reached XP level 27. HP: 295/295 MP: 31/31
 58977 | Zot:3    | HP: 4/297 [golden dragon (13)]
 58977 | Zot:3    | Annihilated by a golden dragon

Illustrated notes

Levels and vault maps discovered:
D:1:      dpeg_arrival_houses_and_road, layout_basic,
          dreamdust_ecumenical_altar_grove, kennysheep_boxes
D:2:      layout_loops_ring, serial_bayou_lagoon_b, uniq_crazy_yiuf_cottage,
          uniq_natasha
D:3:      minmay_inner_zag, layout_basic, nemelex_spade_bored_becter,
          minmay_misc_feat_more_columns
D:4:      layout_loops_ring, kennysheep_mini_moat,
          lemuel_zombie_altar_yredelemnul, kennysheep_generic_room_4
D:5:      layout_rooms, minmay_temple_entry_antechambers, serial_shops,
          nicolae_shop_bloodbath_and_beyond, serial_curves, eino_curves_01,
          eino_curves_02, eino_curves_01, eino_curves_01, minmay_fountain_box
D:6:      layout_rooms, nrook_mini_vaults, serial_park_tiny_1,
          kennysheep_nondescript, uniq_duvessa, uniq_menkaure
D:7:      layout_gridville, hellmonk_okawaru_the_only_friend_you_need,
          lemuel_tele_altar, uniq_maggie, uniq_maurice, uniq_prince_ribbit1
D:8:      layout_cave_pools, lemuel_mausoleum_altar_kikubaaqudgha
D:9:      layout_loops_ring, grunt_temple_overflow_order_and_chaos_2,
          led_sif_pool, zombieorc1_lemuel, special_room [special_room_bee]
D:10:     layout_basic, nzn_wu_jian_council_hall, minmay_shop_damaged,
          kennysheep_generic_room_14
D:11:     layout_roguey, lair_entry_dummy, serial_shops, nicolae_shop_peninsula,
          uniq_fannar
D:12:     layout_irregular_city, serial_glass, glass_columns_a, glass_columns_a,
          zin_statuary, uniq_psyche, uniq_azrael
D:13:     regret_index_makhleb_lecture_halls, layout_basic,
          hellmonk_vaults_attempted_burglary, kennysheep_potato
D:14:     layout_roguey, kennysheep_small_spiral, serial_bayou_crossing
D:15:     grunt_enter_depths_hoard, layout_basic, roderic_lattice_a,
          st_stairs_10, lightli_church_of_beogh, uniq_nessos, uniq_kirke
Temple:   nicolae_temple_godzebo
Lair:1:   layout_misc_corridors, nzn_random_ring
Lair:2:   layout_cave_pods, uniq_amaemon
Lair:3:   layout_layer_cave, nicolae_shoals_entry_flooding,
          guppyfry_snake_entry_island, nzn_sisyphean_effort,
          infiniplex_staircase_pool, grunt_megastairs_3
Lair:4:   hellmonk_destroyed_diamonds, layout_misc_corridors,
          beast_lair_carwin_1, lemuel_fruit_tree
Lair:5:   cheibrodos_lair_end_hotspot, layout_cave_pods,
          minmay_slime_entry_oklob_enclosed
Shoals:1: layout_shoals, nicolae_shoals_sun_and_surf
Shoals:2: layout_shoals, nicolae_shoals_kraken_intersection
Shoals:3: layout_shoals, serial_shops, nicolae_shop_just_a_little_nook, shop,
          nicolae_shop_real_fake_doors, shop, uniq_ilsuiw
Shoals:4: shoals_end_hangedman, layout_shoals, nicolae_shoals_lost_giant_baths
Snake:1:  layout_rooms, serial_shops, bzr_entry_customers, basic_altar,
          drop_trap, uniq_aizul
Snake:2:  layout_layer_cave, drop_trap, nicolae_snake_scaly_snakehead,
          nicolae_triple_integral
Snake:3:  layout_misc_corridors, nicolae_snake_herptile_family_reunion,
          serial_bayou_shore_b, uniq_donald
Snake:4:  snake_pit, layout_grid_shapes, grunt_ministairs_2,
          nicolae_snake_bzzzt, uniq_asterion, uniq_mara
Slime:1:  layout_caves
Slime:2:  layout_caves
Slime:3:  layout_caves
Slime:4:  layout_caves, basic_altar
Slime:5:  slime_pit_nicolae_inversion
Orc:1:    layout_caves, basic_altar, portal_ice_cave_entry_pillars_2
Orc:2:    st_orc_open, layout_caves, serial_shops, shop, nicolae_shop_gadgets
Elf:1:    minmay_elf_arrival_summoners, layout_geoelf_octagon,
          minmay_elf_sorcery, minmay_shop_grove, uniq_frances
Elf:2:    elven_hall_of_blades_hangedman_alternative
          [nicolae_blade_entry_floor_patterns], layout_geoelf_grid,
          portal_desolation_entry_holy_temple, serial_shops, shop,
          nicolae_elf_glass_and_crystal_pillar_2, small_chamber_with_monster,
          uniq_zenata
Elf:3:    grunt_elf_hall_branching, layout_loops_cross,
          nicolae_shop_sticking_my_neck_out
Vaults:1: vaults_mumra_chevron, nicolae_vaults_trapezoid_2,
          nicolae_vaults_closet_pinwheel_4, v_misc_17, hangedman_vaults_pinch,
          nicolae_vaults_heart-shaped_vault, nicolae_vaults_rhombus_5,
          nicolae_vaults_mini_display_case, vaults_dpeg_emergency_exit,
          layout_vaults_omnigrid, serial_shops, shop
Vaults:2: gammafunk_ghost_necromancy, nicolae_vaults_trapezoid_lopsided_3,
          grunt_vaults_hallway_short, v_rooms_1,
          nicolae_vaults_big_angled_halls, nicolae_vaults_diamond_1,
          nicolae_vaults_network_quinsquares
          [nicolae_vaults_network_quincunx_subvault,
          nicolae_vaults_network_quincunx_subvault,
          nicolae_vaults_network_quincunx_subvault,
          nicolae_vaults_network_quincunx_subvault],
          nicolae_vaults_closet_pinwheel_3, nicolae_vaults_little_squares_5,
          ontoclasm_vaults_loading_screen, layout_vaults_chaotic_city,
          serial_shops, nicolae_book_shop_shelving, nicolae_shop_hallway_plus,
          uniq_nikola, uniq_xtahua
Vaults:3: v_rooms_6, ontoclasm_vaults_pinch, nicolae_vaults_closet_pinwheel_4,
          nicolae_vaults_variable_pillar_hall, nicolae_vaults_meiosis,
          vaults_room_glass_cross, v_alt_pattern_1, ontoclasm_vaults_gateway,
          nicolae_vaults_double_plus_2, minmay_crypt_entry_nasty_monster,
          layout_vaults_big_cross, uniq_sojobo
Vaults:4: nicolae_vaults_cochlea, vaults_room_octagon, v_rooms_5, v_rooms_6,
          hangedman_vaults_river_flow, nicolae_vaults_specimen_jars,
          nicolae_vaults_c_with_doors, nicolae_vaults_angled_halls,
          hangedman_vaults_corner_blocks, hangedman_vaults_corner,
          nicolae_vaults_surprise_closet, vaults_room_door_hall,
          nicolae_vaults_apartment_2, ontoclasm_vaults_decontamination,
          nicolae_vaults_double_plus_1, nicolae_vaults_house_2,
          layout_vaults_ring, serial_shops, nicolae_shop_behind_doors
Vaults:5
Depths:1: hangedman_cross_cluster, layout_twisted_cross, hangedman_coc_ice_floe,
          pan_entry, abyss_entry_small_statue_room,
          nicolae_figureground_sparkle, minmay_misc_feat_plants,
          evilmike_spriggan_trog_shrine, uniq_boris, uniq_enchantress
Depths:2: grunt_profane_halls [grunt_profane_loot, grunt_profane_temple_dis,
          grunt_profane_temple_coc, grunt_profane_temple_tar,
          grunt_profane_temple_geh], pan_entry, abyss_entry, hell_entry
Depths:3: kennysheep_spiral_hall, layout_cave_pools,
          nicolae_qazlal_eye_of_the_storm, hell_entry,
          nicolae_abyss_entry_one_way_or_another, serial_sigils_hangedman_gnaw,
          minmay_staircase_windowed_small, serial_bayou_shore_b, uniq_vv,
          uniq_mennas, uniq_margery
Depths:4: evilmike_zot_entry_castle, layout_cave_shapes, hell_entry,
          serial_bayou_pond_b
Zot:1:    layout_misc_corridors, hangedman_zot_spectrum, grunt_megastairs_2
Zot:2:    infiniplex_zot_generator, layout_gridlike, uniq_josephina, uniq_grunn
Zot:3:    layout_misc_corridors, zot_minivault_8, uniq_parghit
Zot:4:    layout_gridlike

Skill      XL: |  1  2  3  4  5  6  7  8  9 10 11 12 13 14 15 16 17 18 19 20 21 22 23 24 25 26 |
---------------+-------------------------------------------------------------------------------+-----
Axes           | 3 4 5 6 7 9 11 14 16 17 18 20 21 23 24 26 | 26.4
Fighting       | 6 10 11 13 14 16 18 19 20 23 24 26 | 26.5
Armour         | 8 11 13 14 16 18 20 24 | 24.0
Shields        | 9 10 11 16 18 22 24 | 24.0
Dodging        | 8 10 12 15 16 | 16.0
Evocations     | 9 10 12 14 16 | 16.0
Invocations    | 8 10 12 | 12.0
Throwing       | 4 9 14 16 18 | 18.0

Action                     |  1- 3 |  4- 6 |  7- 9 | 10-12 | 13-15 | 16-18 | 19-21 | 22-24 | 25-27 || total
---------------------------+-------+-------+-------+-------+-------+-------+-------+-------+-------++-------
  Melee: War axe           |    97 |    92 |   279 |   529 |   178 |       |       |       |       ||  1175
         Headbutt          |    10 |    15 |    43 |   103 |   199 |   250 |   276 |   462 |   302 ||  1660
         Battleaxe         |       |       |       |    87 |       |       |       |       |       ||    87
         Broad axe         |       |       |       |       |   623 |  1052 |   971 |  1489 |  1026 ||  5161
  Throw: Dart              |       |     3 |     3 |     2 |       |     1 |       |       |       ||     9
         Javelin           |       |       |       |       |       |       |       |     7 |       ||     7
 Invoke: Heroism           |       |       |       |    12 |    10 |     1 |     1 |     6 |       ||    30
         Receive Weapon    |       |       |       |       |     1 |       |       |       |       ||     1
         Receive Armour    |       |       |       |       |     1 |       |       |       |       ||     1
         Finesse           |       |       |       |       |     5 |     6 |     6 |    10 |     7 ||    34
         Duel              |       |       |       |       |       |       |     1 |     2 |       ||     3
  Evoke: Lightning rod     |       |       |       |       |       |       |     4 |       |       ||     4
         Phial of floods   |       |       |       |       |       |       |     1 |       |       ||     1
         Wand              |       |       |       |       |       |       |       |       |     1 ||     1
    Use: Scroll            |       |     5 |     1 |    18 |    23 |     7 |     5 |    25 |     8 ||    92
         Potion            |       |     3 |     3 |     2 |     7 |       |     2 |     5 |       ||    22
   Stab: Distracted        |       |       |       |       |       |     1 |       |       |       ||     1
 Armour: Scale mail        |    85 |    55 |   226 |   175 |       |       |       |       |       ||   541
         Chain mail        |       |       |       |   241 |    37 |       |       |       |       ||   278
         Plate armour      |       |       |       |       |    90 |   106 |       |       |       ||   196
         Ice dragon scales |       |       |       |       |   330 |   352 |   417 |   463 |       ||  1562
         Gold dragon scale |       |       |       |       |       |       |       |   234 |   809 ||  1043
  Dodge: Dodged            |    42 |    44 |   113 |   237 |   253 |   179 |   137 |   296 |   262 ||  1563
         Repelled          |       |       |       |       |       |       |       |    22 |    22 ||    44
  Block: Buckler           |    14 |    25 |    56 |   132 |   301 |       |       |       |       ||   528
         Reflection        |       |       |       |       |    28 |   183 |   109 |    92 |       ||   412
         Kite shield       |       |       |       |       |   151 |   297 |       |       |       ||   448
         Tower shield      |       |       |       |       |       |   817 |   899 |  1274 |   998 ||  3988
